 Dungeon Crawl Stone Soup version 0.29.1-12-g30fa7ad0bf (webtiles) character file.

Game seed: 4873986330826599033

406 Rrauwl the Cudgeller (level 6, 0/38 HPs)
             Began as a Gargoyle Fighter on Dec 24, 2022.
             Killed from afar by Blork the orc (13 damage)
             ... with a puff of flame
             ... on level 4 of the Dungeon.
             The game lasted 00:06:14 (3743 turns).

Rrauwl the Cudgeller (Gargoyle Fighter)             Turns: 3743, Time: 00:06:14

Health: 0/38       AC:  9    Str: 19    XL:     6   Next: 87%
Magic:  6/6        EV: 11    Int:  9    God:
Gold:   189        SH:  5    Dex: 11    Spells: 5/5 levels left

rFire   . . .      SeeInvis .   a - +0 flail
rCold   . . .      Faith    .   c - +0 buckler
rNeg    + + .      Spirit   .   l - +2 leather armour {rN+}
rPois   ∞          Reflect  .   (no helmet)
rElec   +          Harm     .   (no cloak)
rCorr   .          Rampage  .   (no gloves)
Will    .....                   (no boots)
Stlth   +.........              (no amulet)
HPRegen 0.12/turn               (no ring)
MPRegen 0.10/turn               (no ring)

@: no status effects
A: sickness immunity, AC +4, negative energy resistance 1, electricity
resistance, torment resistance 1, petrification resistance
a: no special abilities


You were on level 4 of the Dungeon.
You visited 1 branch of the dungeon, and saw 4 of its levels.

You collected 189 gold pieces.

Inventory:

Hand Weapons
 a - a +0 flail (weapon)
Armour
 c - a +0 buckler (worn)
 l - a +2 leather armour of positive energy (worn)
Wands
 m - a wand of paralysis (17)
Scrolls
 b - 2 scrolls of identify
 g - a scroll of blinking
 h - a scroll of poison
 k - a scroll of vulnerability
Potions
 d - a potion of might
 e - 3 potions of ambrosia
 f - a potion of cancellation
 i - a potion of brilliance
 j - 3 potions of heal wounds


   Skills:
 - Level 4.0 Fighting
 + Level 4.8 Maces & Flails
 - Level 4.0 Armour
 + Level 2.2 Dodging
 + Level 0.6 Stealth
 + Level 4.4 Shields


You had 5 spell levels left.
You didn't know any spells.
Your spell library contained the following spells:

 Spells                   Type           Power      Damage    Failure   Level
 Magic Dart               Conj           0%         1d3       52%         1
 Searing Ray              Conj           0%         2d4       67%         2
 Portal Projectile        Hex/Tloc       0%         N/A       88%         3
 Tukima's Dance           Hex            0%         N/A       88%         3
 Airstrike                Air            0%         2d(0-16)  99%         4
 Fulminant Prism          Conj/Hex       0%         3d6       99%         4
 Summon Lightning Spire   Summ/Air       0%         N/A       99%         4
 Blade Hands              Tmut           0%         N/A       100%        5
 Lightning Bolt           Conj/Air       0%         1d11      100%        5


Dungeon Overview and Level Annotations

Branches:
Dungeon (4/15)
 Temple: D:4-7

Altars:
Uskayaw

Annotations:
D:4 Blork the orc


Innate Abilities, Weirdness & Mutations

You are immune to sickness and miasma.
Your stone body is resilient. (AC +4)
You are immune to poison.
You resist negative energy. (rN+)
You are resistant to electric shocks. (rElec)
You are resistant to unholy torment.
You are immune to petrification.


Message History

Blork the orc is moderately wounded.
Blork the orc hits you but does no damage.
You hit Blork the orc.
Blork the orc is moderately wounded.
You block Blork the orc's attack.
Blork the orc hits you with a +0 long sword.
You sock Blork the orc!
Blork the orc is severely wounded.
Blork the orc barely misses you.
Blork the orc hits you but does no damage.
You barely miss Blork the orc.
Blork the orc is severely wounded.
You block Blork the orc's attack.
Blork the orc gestures at you while chanting.
The puff of flame hits you!
You barely miss Blork the orc.
Blork the orc is severely wounded.
Blork the orc barely misses you. You block Blork the orc's attack.
You closely miss Blork the orc.
Blork the orc is severely wounded.
Blork the orc casts a spell at you.
The puff of frost hits you but does no damage.
You barely miss Blork the orc.
Blork the orc is severely wounded.
Blork the orc closely misses you.
Blork the orc hits you with a +0 long sword.
You hit Blork the orc.
Blork the orc is severely wounded.
Blork the orc hits you with a +0 long sword.
Blork the orc hits you with a +0 long sword!
You are too injured to fight recklessly!
You are too injured to fight recklessly!
You are too injured to fight recklessly!
You are too injured to fight recklessly!
You sock Blork the orc!
Blork the orc is almost dead.
Blork the orc screams, "Die!"
Blork the orc points at you and mumbles some strange words.
The puff of flame hits you!
You die...

....................
..................#
s.......[......... $
K.........>.....###.
?.). .$............ ?.#
##..........#. #.#
#.......>..# . #o#
#.........†##. #@#
#..[.......##.
#.###..........#..
.####..##.............
...[................#.#
...#..#..###...........
. #..........#........
....##$#...##........
..... ..#.............
...... .........###.###


You could see Blork the orc (fast).

Vanquished Creatures
  A water moccasin (D:3)
  A phantom (D:4)
  A scorpion (D:4)
  A hound (D:4)
  4 adders
  2 worms
  2 dart slugs (D:1)
  6 orcs (D:3)
  8 ball pythons
  2 bats (D:2)
  9 endoplasms
  7 giant cockroaches
  5 goblins
  7 hobgoblins
  19 jackals
  A quokka (D:2)
  3 frilled lizards
  10 kobolds
  4 rats
93 creatures vanquished.

Notes
Turn   | Place    | Note
-------+----------+-------------------------------------------
     0 | D:1      | Rrauwl the Gargoyle Fighter began the quest for the Orb.
     0 | D:1      | Reached XP level 1. HP: 14/14 MP: 1/1
   333 | D:1      | Reached XP level 2. HP: 19/19 MP: 2/2
   911 | D:1      | Reached XP level 3. HP: 23/23 MP: 3/3
  1517 | D:2      | Found a hide-covered altar of Uskayaw.
  1631 | D:2      | Reached XP level 4. HP: 29/29 MP: 4/4
  1843 | D:2      | Found a faded altar of an unknown god.
  2564 | D:3      | Noticed a water moccasin
  2575 | D:3      | Killed a water moccasin
  2576 | D:3      | Reached skill level 1 in Dodging
  2576 | D:3      | Reached XP level 5. HP: 19/33 MP: 5/5
  3236 | D:3      | Reached XP level 6. HP: 35/38 MP: 6/6
  3707 | D:4      | Noticed Blork the orc
  3743 | D:4      | Killed from afar by Blork the orc

Illustrated notes

Levels and vault maps discovered:
D:1:      amcnicky_arrival_blooded_trapdoor, layout_basic, minmay_crystal_room,
          dk_noncrumbling_3
D:2:      wad_crossroads, layout_basic, basic_altar,
          hellmonk_ecumenical_altar_dog_temple
D:3:      layout_basic, minmay_fractal_squares_5
D:4:      layout_rooms, serial_shops, nicolae_shop_hallway_plus,
          minmay_snake_closets, uniq_blork_the_orc

Skill      XL: |  1  2  3  4  5  6 |
---------------+-------------------+-----
Armour         | 4 |  4.0
Maces & Flails | 3 4 |  4.8
Fighting       | 4 |  4.0
Dodging        | 1 2 |  2.2
Shields        | 4 |  4.4
Stealth        | |  0.6

Action                   |  1- 3 |  4- 6 || total
-------------------------+-------+-------++-------
Melee: Flail             |   127 |   254 ||   381
  Use: Potion            |     8 |     3 ||    11
       Scroll            |     4 |     2 ||     6
Armor: Scale mail        |    71 |       ||    71
       Skin              |     3 |       ||     3
       Chain mail        |    21 |     5 ||    26
       Leather armour    |       |   140 ||   140
Dodge: Dodged            |    66 |   164 ||   230
Block: Buckler           |    37 |    77 ||   114
